 Dungeon Crawl Stone Soup version 0.31-a0-844-gdc52ec4e09 (webtiles) character file.

Game seed: 18372907986104334105

62 mcwallace the Sneak (level 3, -1/20 HPs)
             Began as a Vampire Enchanter on Sept 29, 2023.
             Killed from afar by Sigmund (4 damage)
             ... with a magic dart
             ... on level 2 of the Dungeon.
             The game lasted 00:03:08 (1477 turns).

mcwallace the Sneak (Vampire Enchanter)             Turns: 1477, Time: 00:03:09

Health: -1/20      AC:  2    Str:  7    XL:     3   Next: 85%
Magic:  0/6        EV: 13    Int: 17    God:
Gold:   41         SH:  0    Dex: 16    Spells: 6/6 levels left

rFire   . . .        a - +1 dagger {short}
rCold   + + .        (no shield)
rNeg    + + +        b - +0 robe
rPois   ∞            (no helmet)
rElec   .            (no cloak)
rCorr   .            (no gloves)
SInv    +            (no boots)
Will    .....        n - amulet of guardian spirit
Stlth   +++++        (no ring)
HPRegen 0.00/turn    (no ring)
MPRegen 0.10/turn

%: guardian spirit
@: bloodless, inhibited regen
A: bloodless, fangs 3, see invisible, vampiric 2
a: Bat Form, Revivify


You were on level 2 of the Dungeon.
You visited 1 branch of the dungeon, and saw 2 of its levels.

You collected 41 gold pieces.


Innate Abilities, Weirdness & Mutations

You do not regenerate when monsters are visible.
You are frail without blood (-20% HP).
You can heal yourself when you bite living creatures.
You are immune to poison.
You have razor-sharp teeth.
You have supernaturally acute eyesight. (SInv)
You are afflicted with vampirism and can become a bat while bloodless.


   Skills:
 + Level 1.1 Fighting
 + Level 1.8 Short Blades
 + Level 2.7 Dodging
 + Level 5.1 Stealth
 + Level 2.3 Spellcasting
 + Level 4.8 Hexes


You had 6 spell levels left.
You didn't know any spells.
Your spell library contained the following spells:

 Spells                   Type           Power      Damage    Failure   Level
 Confusing Touch          Hex            18%        N/A       8%          3
 Tukima's Dance           Hex            18%        N/A       8%          3
 Ensorcelled Hibernation  Hex/Ice        20%        N/A       11%         2
 Dazzling Flash           Conj/Hex       20%        N/A       21%         3

Inventory:

Hand Weapons
 a - a +1 dagger (weapon) {short}
 k - a +0 dagger of flaming {short}
   (You found it on level 1 of the Dungeon)
 o - a +1 short sword of electrocution {short}
   (You found it on level 2 of the Dungeon)
 p - a +0 short sword of venom {short}
   (You found it on level 2 of the Dungeon)
Missiles
 e - 3 poisoned darts {throwing}
 i - 11 stones {throwing}
Armour
 b - a +0 robe (worn)
 d - a +0 leather armour
   (You found it on level 1 of the Dungeon)
 f - a +0 robe
   (You found it on level 1 of the Dungeon)
 g - a +0 ring mail
   (You found it on level 1 of the Dungeon)
Jewellery
 n - an amulet of guardian spirit (around neck)
   (You found it on level 1 of the Dungeon)
Scrolls
 h - a scroll of vulnerability {unknown}
 m - a scroll of fog {unknown}
Potions
 c - a potion of invisibility
 j - a potion of heal wounds {unknown}
 l - a potion of brilliance {unknown}

Dungeon Overview and Level Annotations

Branches:
Dungeon (2/15) Zot: 10530

Altars:

Annotations:
D:2 Sigmund

.# # ##. #######.# ..###.. ..#
####....$.. ....... ....
.....?..# #... .##... #. #..#
#......# ##..##.##.#. #. #..#
#......####........... #. #..#
#.............##.##.#. #.##..#
#.##.######...##.##.#.
#..#..####.##@@## #...##......
##.......##.##.#.####.<.########
#.............###..........# #
##....##.#####.#.##.#.####.## #
#..#...........###.#†###...####
.........).......#
#)#.....#.....
#########.######.#
#.#####...#### #.# #@# #.# ##.##
#.# #.# #.# #..#


You could see Sigmund.


Message History

The hobgoblin shouts!
A hobgoblin is nearby!
A hobgoblin is nearby!
The hobgoblin hits you but does no damage.
You hit the hobgoblin. Your bite misses the hobgoblin.
The hobgoblin hits you. 😕 HP[-1]
You take 1 damage, and now have 19/20 hp.
You hit the hobgoblin but do no damage.
The hobgoblin hits you but does no damage.
You closely miss the hobgoblin.
The hobgoblin hits you but does no damage.
A hobgoblin is nearby!
You hit the hobgoblin. The hobgoblin hits you. 😕 HP[-3]
You take 3 damage, and now have 16/20 hp.
You hit the hobgoblin.
You kill the hobgoblin! 😕 HP[+1] Key pressed, stopping explore.
No target in view! 😎 HP[+3]
Your hp is fully restored (20).
Sigmund the Dreaded comes into view.
He is wielding a +0 scythe.
Sigmund shouts!
Sigmund casts a spell at you. You resist with some effort.
A goblin comes into view. It is wielding a +0 club.
Sigmund points at you and mumbles some strange words.
The magic dart hits you. 😕 HP[-4] MP[-1]
You take 4 damage, and now have 16/20 hp.
You lost 1 mp, and now have 5/6 mp.
The goblin shouts! 😕 HP[+1] 😕 MP[+1]
Your mp is fully restored (6).
You completely miss the goblin. Your bite misses the goblin.
The goblin hits you but does no damage.
You closely miss the goblin.
The goblin hits you with a +0 club. 😮 HP[-2]
You take 2 damage, and now have 15/20 hp.
You barely miss the goblin. You closely miss the goblin.
The goblin hits you but does no damage.
You barely miss the goblin. The goblin closely misses you.
Sigmund hits you from afar with a +0 scythe!
* * * LOW HITPOINT WARNING * * *
😨 HP[-5] MP[-2]
You take 5 damage, and now have 10/20 hp.
MASSIVE DAMAGE!! (PAUSE)
You lost 2 mp, and now have 4/6 mp.
You fade into invisibility!
The goblin closely misses you.
Sigmund screams, "Die, monster!"
Sigmund barely misses you.
You strike the helpless goblin from behind!
You bite the goblin, and draw its blood!
You feel better.
You puncture the goblin!
You kill the goblin! 😮 HP[+3]
You regained 3 hp, and now have 13/20 hp.
Sigmund closely misses you.
You barely miss Sigmund. Sigmund barely misses you.
You hit Sigmund but do no damage. You barely miss Sigmund.
Sigmund says, "You will soon forget everything."
You barely miss Sigmund. 😮 MP[+1] Sigmund barely misses you.
Sigmund says, "Your kind have come here before.
I understand now why.
You desire death..."
You catch the helpless Sigmund completely off-guard!
You bite Sigmund, and draw his blood!
You feel better.
You puncture Sigmund!
You flicker for a moment.
Sigmund hits you with a +0 scythe! 😮 HP[-2] MP[-2]
You take 2 damage, and now have 11/20 hp.
You lost 2 mp, and now have 3/6 mp.
You hit Sigmund but do no damage. Sigmund hits you with a +0 scythe.
* * * LOW HITPOINT WARNING * * *
😨 HP[-4] MP[-1]
You take 4 damage, and now have 7/20 hp.
You lost 1 mp, and now have 2/6 mp.
You barely miss Sigmund. You closely miss Sigmund.
Sigmund casts a spell at you. You resist with some effort. 😨 MP[+1]
You hit Sigmund. Sigmund completely misses you.
You hit Sigmund. Your bite misses Sigmund. You closely miss Sigmund.
You flicker back into view.
Sigmund hits you with a +0 scythe.
* * * LOW HITPOINT WARNING * * *
😱 HP[-4] MP[-1]
You take 4 damage, and now have 3/20 hp.
You lost 1 mp, and now have 2/6 mp.
You hit Sigmund. Sigmund casts a spell at you. The magic dart hits you.
You die...
Sigmund begins carving another notch in his scythe.

Skill      XL: |  1  2  3 |
---------------+----------+-----
Stealth        | 5 |  5.1
Fighting       | 1 |  1.1
Short Blades   | |  1.8
Dodging        | |  2.7
Spellcasting   | |  2.3
Hexes          | |  4.8

Action                     || total
---------------------------++-------
  Melee: Dagger            ||   136
         Bite              ||     8
Ability: Exsanguinate      ||     1
    Use: Potion            ||     1
   Stab: Sleeping          ||     9
         Invisible         ||     2
 Armour: Robe              ||    81
  Dodge: Dodged            ||    87

Levels and vault maps discovered:
D:1:      elethiomel_arrival_maze, layout_basic,
          hellmonk_ecumenical_altar_arch_garden, grunt_decor_resistance
D:2:      layout_loops_ring, minmay_pentomino_w2, uniq_sigmund

Notes
Turn   | Place    | Note
-------+----------+-------------------------------------------
     0 | D:1      | mcwallace the Vampire Enchanter began the quest for the
                  | Orb.
     0 | D:1      | Reached XP level 1. HP: 13/13 MP: 3/3
     0 | D:1      | magus.rc [v1.9.6]
   161 | D:1      | Reached XP level 2. HP: 15/20 MP: 5/5
   483 | D:1      | Found a faded altar of an unknown god.
   531 | D:1      | Reached skill level 5 in Stealth
   531 | D:1      | Gained mutation: You are afflicted with vampirism and can
                  | become a bat while bloodless. [Vampire growth]
   531 | D:1      | Reached XP level 3. HP: 25/25 MP: 6/6
  1076 | D:2      | HP: 4/20 [hobgoblin (2)]
  1156 | D:2      | Reached skill level 1 in Fighting
  1160 | D:2      | HP: 5/20 [worm (6)]
  1419 | D:2      | Noticed Sigmund
  1476 | D:2      | HP: 3/20 [Sigmund/+0 scythe (4)]
  1477 | D:2      | Killed from afar by Sigmund

Vanquished Creatures
  2 adders (D:2)
  A worm (D:1)
  A dart slug (D:1)
  2 bats
  3 endoplasms (D:1)
  A giant cockroach (D:2)
  5 goblins
  5 hobgoblins
  4 jackals (D:1)
  4 ball pythons (D:1)
  2 frilled lizards
  A kobold (D:1)
  6 rats
37 creatures vanquished.

Table legend:
 A = Non-vault XP
 B = Vault XP
 C = Vault XP percentage of total XP
 D = Non-vault monster count
 E = Vault monster count
 F = Vault count percentage of total count
                 A         B        C        D         E       F
            +---------+---------+-------+---------+---------+-------
      Total |      89 |       0 |   0.0 |      37 |       0 |   0.0
            +---------+---------+-------+---------+---------+-------
        D:1 |      51 |       0 |   0.0 |      28 |       0 |   0.0
        D:2 |      38 |       0 |   0.0 |       9 |       0 |   0.0
            +---------+---------+-------+---------+---------+-------

Skill      XL: |  1  2  3 |
---------------+----------+-----
Stealth        | 5 |  5.1
Fighting       | 1 |  1.1
Short Blades   | |  1.8
Dodging        | |  2.7
Spellcasting   | |  2.3
Hexes          | |  4.8

Action                     || total
---------------------------++-------
  Melee: Dagger            ||   136
         Bite              ||     8
Ability: Exsanguinate      ||     1
    Use: Potion            ||     1
   Stab: Sleeping          ||     9
         Invisible         ||     2
 Armour: Robe              ||    81
  Dodge: Dodged            ||    87

Illustrated notes

Table legend:
 A = Kills in this place as a percentage of kills in the entire game.
 B = Kills by you in this place as a percentage of kills by you in the entire game.
 C = Kills by friends in this place as a percentage of kills by friends in the entire game.
 D = Other kills in this place as a percentage of other kills in the entire game.
 E = Experience gained in this place as a percentage of experience gained in the entire game.
 F = Experience gained in this place divided by the number of levels of this place that you have seen.
                   A       B       C       D       E      F
               +-------+-------+-------+-------+-------+----------------------
         Total | 100.0 | 100.0 |   N/A |   N/A | 100.0 |  44.5
       Dungeon | 100.0 | 100.0 |   N/A |   N/A | 100.0 |  44.5
               +-------+-------+-------+-------+-------+----------------------

Table legend: (Time is in decaauts)
 A = Elapsed time spent in this place.
 B = Non-inter-level travel time spent in this place.
 C = Inter-level travel time spent in this place.
 D = Time resting spent in this place.
 E = Time spent auto-exploring this place.
 F = Levels seen in this place.
 G = Mean time per level.
                   A        B        C        D        E       F      G
               +--------+--------+--------+--------+--------+-----+--------+
         Total |   1469 |   1421 |     48 |     63 |    946 |   2 |  734.5 |
       Dungeon |   1469 |   1421 |     48 |     63 |    946 |   2 |  734.5 |
               +--------+--------+--------+--------+--------+-----+--------+

Top non-repeatable levels by time:
     D:1: 1270 daAuts
     D:2: 198 daAuts
